AoeStats
← yazeed_niva

Nomad

510111892Analyzed
2v2 RM · 4d ago on Sep 29, 2026· 40m 15s· 4 players
Game mode
Random Map
Map size
176×176
Population
200
Speed
Normal
Resources
Standard
Victory
Conquest
Starting age
Dark Age
Ending age
Imperial Age
RankedLock teamsTeams togetherTeam positionsShared explorationLock speedFull tech treeHidden civsTurbo modeCheats
Victory
Defeat
🇹🇷 Celts · Türkiye
615
+8
🇪🇸 Vikings · Spain
537
+11
🇪🇸 Portuguese · Spain
503
-16
🇯🇴 Varangians · Jordan
365
-8
floky_loky_666
yazeed_niva
13:59 Feudal Age
22:44 Castle Age
34:22 Imperial Age
37:36 Elite Varangian Guard
ManeiroXXi
3:59 Loom
17:01 Feudal Age
18:31 Double-Bit Axe
18:47 Horse Collar
21:10 Fishing Lines
22:05 Stone Mining
23:52 Fletching
32:14 Castle Age
30:55 Forging
31:50 Gold Mining
32:17 Town Watch
34:05 Gold Shaft Mining
33:35 Gillnets
33:49 Bodkin Arrow
33:57 Heavy Plow
34:10 Bow Saw
34:39 Fervor
34:02 Light Cavalry
35:48 Scale Barding Armor
35:44 Padded Archer Armor
35:45 Scale Mail Armor
36:08 Town Patrol
36:59 Guard Tower
37:05 Murder Holes
36:53 Treadmill Crane
37:24 Masonry
39:32 Ballistics
39:45 Elite Skirmisher
serkanserpinli
9:37 Loom
16:52 Feudal Age
19:39 Wheelbarrow
23:48 Castle Age
21:49 Fletching
22:00 Padded Archer Armor
22:13 Forging
21:49 Fishing Lines
21:57 Fishing Lines
22:08 Horse Collar
24:53 Hand Cart
24:57 Bodkin Arrow
25:04 Scale Mail Armor
26:09 Heavy Plow
26:03 Gillnets
26:16 Double-Bit Axe
27:51 Clinker Construction
27:52 Careening
30:48 Leather Archer Armor
30:23 Pikeman
30:48 Gambesons
30:49 Arson
33:26 Gold Mining
37:48 Imperial Age
39:17 Halberdier
40:24 Carvel Hull
40:26 Dry Dock
41:08 Chemistry
40:29 Ballistics
40:16 Siege Engineers
40:40 Chain Mail Armor
Connection lost

Rejoining the realm…

Still unreachable

The connection could not be restored.

Session expired

The server has moved on; the page needs a fresh start.